 Dungeon Crawl Stone Soup version 0.26.0-10-g1f06aea511 (webtiles) character file.

Game seed: 15240085706322312630

13870 ythm the Cleaver (level 12, -18/61 HPs)
             Began as a Vine Stalker Gladiator on Jan 14, 2021.
             Was a High Priest of Okawaru.
             Killed from afar by Jorgrun (30 damage)
             ... with an iron shot
             ... on level 1 of the Orcish Mines.
             The game lasted 00:28:56 (10809 turns).

ythm the Cleaver (Vine Stalker Gladiator)          Turns: 10809, Time: 00:28:57

Health: -18/61     AC: 22    Str: 22    XL:     12   Next: 10%
Magic:  0/17       EV: 13    Int:  8    God:    Okawaru [*****.]
Gold:   999        SH:  0    Dex: 16    Spells: 11/11 levels left

rFire    . . .     SeeInvis .   C - +1 battleaxe
rCold    . . .     Faith    .   (shield currently unavailable)
rNeg     . . .     Spirit   +   i - +1 storm dragon scales
rPois    +         Reflect  .   c - +0 helmet
rElec    +         Harm     .   (no cloak)
rCorr    .         Rampage  .   j - +0 pair of gloves
Will     ++...                  L - +2 pair of boots
Stlth    ..........             (no amulet)
HPRegen  1.00/turn              D - ring of poison resistance
MPRegen  0.15/turn              n - ring of willpower

@: mighty, heroism
A: fangs 3, regeneration 2, magic shield, antimagic bite, no potion heal 3
a: Renounce Religion, Heroism, Finesse


You were on level 1 of the Orcish Mines.
You worshipped Okawaru.
Okawaru was extremely pleased with you.
You visited 3 branches of the dungeon, and saw 14 of its levels.
You also visited: Bailey.

You collected 999 gold pieces.

Inventory:

Hand Weapons
 t - a +0 dagger of electrocution
 x - a +0 vampiric halberd
 y - a +2 whip of flaming
 C - a +1 battleaxe (weapon)
 F - a +1 scimitar of draining
 N - the +8 rapier of Wealth {pain, *Rage rC++ Int+2, unknown}
   (Okawaru gifted it to you on level 10 of the Dungeon)

   In the hands of one skilled in necromantic magic, it inflicts extra damage on
   living creatures.
   It affects your intelligence (+2).
   It greatly protects you from cold.
   It may make you go berserk in combat.
Missiles
 d - 6 throwing nets (quivered)
 g - 20 javelins
Armour
 b - a +0 leather armour
 c - a +0 helmet (worn)
 f - a +0 ring mail
 i - +1 storm dragon scales (worn)
 j - a +0 pair of gloves (worn)
 L - a +2 pair of boots (worn)
Jewellery
 m - a +6 ring of strength
 n - a ring of willpower (right hand)
 D - a ring of poison resistance (left hand)
 J - an uncursed ring of ice
 O - an uncursed ring of protection from cold {unknown}
Wands
 A - a wand of acid (6)
 E - a wand of iceblast (17)
 H - a wand of digging (8)
 I - a wand of paralysis (19)
Scrolls
 h - 2 scrolls of immolation
 l - 6 scrolls of enchant weapon
 o - 4 scrolls of enchant armour
 s - 3 scrolls of remove curse
 u - a scroll of amnesia {unknown}
 B - 3 scrolls of teleportation {unknown}
 G - 2 scrolls of blinking {unknown}
 P - a scroll of identify
Potions
 a - a potion of resistance {unknown}
 e - 4 potions of curing
 k - a potion of might
 p - a potion of attraction {unknown}
 q - a potion of magic
 r - 3 potions of flight
 v - 2 potions of brilliance
 w - a potion of haste
 z - 4 potions of lignification
 K - 2 potions of mutation


   Skills:
 - Level 6.0(11.0) Fighting
 * Level 14.0(19.0) Axes
 - Level 1.7(6.7) Throwing
 - Level 6.0(11.0) Armour
 - Level 2.4(7.4) Dodging
 - Level 6.0 Invocations


You had 11 spell levels left.
You didn't know any spells.
Your spell library was empty.

Dungeon Overview and Level Annotations

Branches:
Dungeon (11/15)            Temple (1/1) D:5            Lair (0/6) D:8
    Orc (2/2) D:10         Bailey (visited)
    Elf: Orc:2

Altars:
Ashenzari
Cheibriados
Dithmenos
Elyvilon
Fedhas
Gozag
Hepliaklqana
Kikubaaqudgha
Makhleb
Nemelex Xobeh
Okawaru
Qazlal
Ru
Sif Muna
Trog
Uskayaw
Vehumet
Wu Jian
Xom
Yredelemnul
Zin
The Shining One

Shops:
D:6 (   D:10 ==   Orc:2 ?

Annotations:
Orc:1 Jorgrun


Innate Abilities, Weirdness & Mutations

You have razor-sharp teeth.
You heal very quickly.
When hurt, damage is shared between your health and your magic reserves.
Your bite disrupts and absorbs the magic of your enemies.
Potions cannot restore your health.


Message History

You climb upwards.
There is a stone staircase leading down here.
Unknown command.
Unknown command.
You slice Jorgrun!!
Jorgrun is moderately wounded.
Jorgrun gestures at you while chanting. The iron shot misses you.
Unknown command.
Unknown command.
Evoke which item? (* to show all) (? for menu, Esc to quit)
Okay, then.
Okay, then.
Unknown command.
Unknown command.
You closely miss Jorgrun. Your bite misses Jorgrun.
Jorgrun is moderately wounded.
Jorgrun casts a spell at you. The iron shot hits you!!!
You die...

###### ##.#..#
###.....###
#.........#
###........### ###
##............###.##
#..................#
###.................##
#.#.......#.....@g..##
.........###....)....#
.........####....#...#
.#.......##.#....##.##
####....)[......#####
##.........#.##
##.......#...#
###.......#.##
#........#####


You could see Jorgrun.

Vanquished Creatures
  Harold (D:9)
  A boulder beetle (D:7)
  4 two-headed ogres
  2 ugly things
  Psyche (D:10)
  A gargoyle (D:10)
  3 trolls
  3 yaks (D:11)
  A wyvern (D:8)
  Menkaure (D:7)
  3 wargs
  3 ice beasts
  17 orc warriors
  3 sky beasts
  A black bear (D:10)
  4 ogres
  A necrophage (D:9)
  5 phantoms
  14 centaurs
  A big kobold (D:8)
  3 bullfrogs
  Blork the orc (D:6)
  2 gnoll sergeants
  A scorpion (D:8)
  A howler monkey (D:4)
  A bullfrog zombie (D:11)
  A centaur skeleton (D:5)
  5 hounds
  3 jellies
  15 orc priests
  20 orc wizards
  2 bullfrog skeletons
  An iguana (D:5)
  13 worker ants
  A hound skeleton (D:9)
  11 gnolls
  A worker ant zombie (D:6)
  A howler monkey skeleton (D:5)
  8 adders
  2 shadow imps
  2 ufetubi
  2 oozes
  An adder skeleton (D:9)
  4 worms
  A dart slug (D:5)
  4 leopard geckos
  72 orcs
  2 ball pythons (D:2)
  18 giant cockroaches
  13 goblins
  6 hobgoblins
  3 jackals (D:2)
  10 kobolds
  5 quokkas
  8 bats
  14 frilled lizards
  A giant cockroach zombie (D:6)
  2 leopard gecko skeletons (D:6)
  7 rats
  A bush (D:8)
339 creatures vanquished.

Vanquished Creatures (others)
  A plant (D:2)
1 creature vanquished.

Grand Total: 340 creatures vanquished

Notes
Turn   | Place    | Note
-------+----------+-------------------------------------------
     0 | D:1      | ythm the Vine Stalker Gladiator began the quest for the
                  | Orb.
     0 | D:1      | Reached XP level 1. HP: 11/11 MP: 2/2
    44 | D:1      | Reached skill level 3 in Axes
   218 | D:1      | Reached XP level 2. HP: 14/15 MP: 3/3
   794 | D:1      | Reached skill level 1 in Armour
   794 | D:1      | Reached XP level 3. HP: 18/18 MP: 4/4
  1361 | D:3      | Reached skill level 4 in Axes
  1361 | D:3      | Gained mutation: Your natural rate of healing is unusually
                  | fast. [Vine Stalker growth]
  1361 | D:3      | Reached XP level 4. HP: 12/23 MP: 3/5
  1412 | D:3      | Reached XP level 5. HP: 26/26 MP: 6/6
  2128 | D:2      | Reached skill level 5 in Axes
  2200 | D:2      | Found a faded altar of an unknown god.
  2326 | D:2      | Found a basalt altar of Yredelemnul.
  2643 | D:4      | Noticed an ogre
  2653 | D:4      | Reached XP level 6. HP: 13/30 MP: 3/7
  2765 | D:4      | Found a burning altar of Makhleb.
  2822 | D:4      | Reached XP level 7. HP: 31/35 MP: 8/8
  3446 | D:5      | Entered Level 5 of the Dungeon
  3459 | D:5      | Reached skill level 6 in Axes
  3757 | D:5      | Gained mutation: You have razor-sharp teeth. [Vine Stalker
                  | growth]
  3757 | D:5      | Reached XP level 8. HP: 39/40 MP: 9/9
  3760 | D:5      | Found a staircase to the Ecumenical Temple.
  3771 | Temple   | Entered the Ecumenical Temple
  4176 | D:6      | Reached skill level 7 in Axes
  4230 | D:6      | Found an iron altar of Okawaru.
  4234 | D:6      | Became a worshipper of Warmaster Okawaru
  4238 | D:6      | Found a shadowy altar of Dithmenos.
  4241 | D:6      | Found a sacrificial altar of Ru.
  4347 | D:6      | Noticed Blork the orc
  4364 | D:6      | Killed Blork the orc
  4429 | D:6      | Reached skill level 1 in Invocations
  4446 | D:6      | Reached * piety under Okawaru
  4534 | D:6      | Found Laerphiri's Weapon Shoppe.
  4536 | D:6      | You fall into a shaft and drop 2 floors!
  4537 | D:8      | Noticed a boulder beetle
  4637 | D:7      | Found a bloodstained altar of Trog.
  4640 | D:7      | Found a white marble altar of Elyvilon.
  4683 | D:7      | Reached skill level 8 in Axes
  4683 | D:7      | Reached XP level 9. HP: 33/46 MP: 9/11
  4765 | D:7      | Noticed Menkaure
  4778 | D:7      | Killed Menkaure
  4881 | D:7      | Found a flagged portal.
  4894 | Bailey   | Entered a bailey
  5108 | Bailey   | Reached skill level 5 in Fighting
  5151 | Bailey   | Reached ** piety under Okawaru
  5166 | Bailey   | Reached skill level 5 in Armour
  5348 | Bailey   | Reached skill level 9 in Axes
  5450 | Bailey   | Reached *** piety under Okawaru
  5451 | Bailey   | Reached XP level 10. HP: 37/52 MP: 7/14
  7062 | D:7      | Killed a boulder beetle
  7062 | D:7      | Reached **** piety under Okawaru
  7063 | D:7      | Reached skill level 10 in Axes
  7160 | D:8      | Reached skill level 5 in Invocations
  7230 | D:8      | Found a staircase to the Lair.
  7244 | D:8      | Noticed a two-headed ogre
  7257 | D:8      | Killed a two-headed ogre
  7793 | D:9      | Reached ***** piety under Okawaru
  7809 | D:9      | Reached skill level 11 in Axes
  7809 | D:9      | Reached XP level 11. HP: 28/56 MP: 11/16
  7891 | D:9      | Got a twisted hand crossbow
  8004 | D:9      | Got a dazzling buckler
  8011 | D:9      | Identified the -2 buckler of Wastriuti {Will+ Str-2 Stlth+}
                  | (You found it on level 9 of the Dungeon)
  8138 | D:9      | Found a shadowy altar of Dithmenos.
  8742 | D:10     | Entered Level 10 of the Dungeon
  8769 | D:10     | Found Kaus's Jewellery Emporium.
  8814 | D:10     | Noticed Psyche
  8820 | D:10     | Killed Psyche
  8829 | D:10     | Found Iloloin's Jewellery Shop.
  8868 | D:10     | Noticed Harold
  8937 | D:9      | Killed Harold
  8950 | D:10     | Reached skill level 12 in Axes
  8978 | D:10     | Received a gift from Okawaru
  8981 | D:10     | Got a faintly glowing rapier {god gift}
  9076 | D:10     | Identified the +12 hand crossbow of the Lost Knives {flame,
                  | *Drain rF++ Int+10} (You found it on level 9 of the
                  | Dungeon)
  9225 | D:10     | Found a staircase to the Orcish Mines.
  9232 | D:10     | Noticed a two-headed ogre
  9267 | D:10     | Killed a two-headed ogre
  9724 | D:10     | Noticed a two-headed ogre
  9729 | D:10     | Killed a two-headed ogre
  9730 | D:10     | Reached skill level 13 in Axes
 10120 | D:11     | Noticed a red ugly thing
 10126 | D:11     | Killed a red ugly thing
 10276 | D:11     | Found an iron altar of Okawaru.
 10294 | D:11     | Noticed an eight-headed hydra
 10294 | D:11     | Noticed a green ugly thing
 10317 | D:10     | Killed a green ugly thing
 10432 | Orc:1    | Entered Level 1 of the Orcish Mines
 10616 | Orc:2    | Entered Level 2 of the Orcish Mines
 10616 | Orc:2    | Found Wiokuefo's Magic Scroll Boutique.
 10616 | Orc:2    | Noticed Jorgrun
 10616 | Orc:2    | Noticed an orc knight
 10616 | Orc:2    | Noticed a two-headed ogre
 10656 | Orc:1    | Killed a two-headed ogre
 10656 | Orc:1    | Received a gift from Okawaru
 10657 | Orc:1    | Gained mutation: You heal very quickly. [Vine Stalker
                  | growth]
 10657 | Orc:1    | Reached XP level 12. HP: 27/61 MP: 17/17
 10743 | Orc:1    | Reached skill level 14 in Axes
 10809 | Orc:1    | Killed from afar by Jorgrun

Illustrated notes

Levels and vault maps discovered:
D:1:      sevenhm_arrival_forest_fort_small_3, layout_basic
D:2:      layout_loops_ring, chequers_ecumenical_altar_lobes,
          yredelemnul_altar_generic
D:3:      minmay_roachtagon, layout_loops_cross
D:4:      cheibrodos_quashed, layout_basic, overflow_temple_1_default
D:5:      layout_rooms, minmay_temple_entry_stoned_glass
D:6:      layout_loops_ring, grunt_temple_overflow_diamond, serial_shops,
          nicolae_shop_stone, uniq_blork_the_orc
D:7:      layout_rooms, amethyst_overflow_temple_binary, enter_bailey_7,
          uniq_menkaure
D:8:      layout_cave_pools, lair_entry_dummy, kb_lookout_dungeons_type,
          minmay_tree_intersection
D:9:      layout_layer_cave, basic_altar
D:10:     layout_layer_cave, erik_orc_4, serial_shops, kennysheep_little_box,
          kennysheep_nondescript, kennysheep_small_circle, uniq_harold,
          uniq_psyche
D:11:     layout_roguey, basic_altar, serial_shops, shop, shop, shop_statue,
          nicolae_shop_trees, grunt_ministairs_11, uniq_grum
Temple:   compressed_dpeg_circular_temple
Orc:1:    layout_diamond_mine, basic_altar
Orc:2:    st_orc_pillars, layout_diamond_mine, serial_shops, shop, uniq_jorgrun

Skill      XL: |  1  2  3  4  5  6  7  8  9 10 11 12 |
---------------+-------------------------------------+-----
Axes           | 3 4 5 6 8 9 11 13 14 | 14.0
Armour         | 1 2 3 4 5 6 |  6.0
Fighting       | 2 3 4 5 6 |  6.0
Invocations    | 2 4 6 |  6.0
Throwing       | |  1.7
Dodging        | |  2.4

Action                   |  1- 3 |  4- 6 |  7- 9 | 10-12 || total
-------------------------+-------+-------+-------+-------++-------
Melee: War axe           |   102 |   155 |   201 |       ||   458
       Bite              |    26 |    34 |    98 |   144 ||   302
       Halberd           |       |       |    64 |    17 ||    81
       Battleaxe         |       |       |    59 |   379 ||   438
Invok: Heroism           |       |       |     2 |    10 ||    12
       Finesse           |       |       |       |     2 ||     2
Evoke: Wand              |       |       |       |     3 ||     3
  Use: Scroll            |       |       |    15 |     2 ||    17
       Potion            |       |       |     3 |     1 ||     4
 Stab: Invisible         |       |       |     2 |       ||     2
Armor: Ring mail         |    26 |       |       |       ||    26
       Leather armour    |     2 |       |       |       ||     2
       Storm dragon scal |    37 |   129 |   228 |   306 ||   700
Dodge: Dodged            |    59 |    67 |   166 |   249 ||   541
